[Event "Titled Tuesday Blitz May 30 Late 2023"]
[White "Mustafayev, Farid"]
[Black "Rangel, Daniel"]
[WhiteFideId "13408771"]
[BlackFideId "2124475"]
[WhiteElo "2197"]
[BlackElo "2256"]
[Result "1-0"]
[Round "06"]
[TimeControl "180+2"]
[Date "2023.05.31"]
[WhiteClock "0:00:25"]
[BlackClock "0:00:04"]

1. Nf3 Nf6 2. c4 e6 3. g3 d5 4. Bg2 Be7 5. O-O O-O 6. b3 a5 7. Bb2 a4 8. a3 axb3 9. Qxb3 Nc6 10. cxd5 exd5 11. d3 Na5 12. Qc2 h6 13. Nc3 c6 14. Rac1 Bf5 15. e4 Bh7 16. Rfd1 dxe4 17. dxe4 Qb6 18. Na4 Qa7 19. Bd4 Qb8 20. Nh4 Bxa3 21. Rb1 Be7 22. Nb6 Ra6 23. Bxf6 Bxf6 24. Nd7 Qd8 25. Nf5 Re8 26. Nc5 Qa8 27. Nxa6 Qxa6 28. Qc5 b5 29. Rd6 Qb7 30. Nxh6+ Kh8 31. Nf5 Bxf5 32. Qxf5 Nc4 33. Rd7 Qc8 34. Qh5+ Kg8 35. Qxf7+ Kh7 36. Rbd1 Ne5 37. Qxf6 Nxd7 38. Qf5+ Kg8 39. Rxd7 Rf8 40. Qe6+ Kh8 41. Qe7 1-0


[Site "https://www.chess.com"]

[Event "Titled Tuesday Blitz May 30 Late 2023"]
[White "Arnold, Ken"]
[Black "Fiorito, Francisco"]
[WhiteFideId "2056836"]
[BlackFideId "180165"]
[WhiteElo "2403"]
[BlackElo "2341"]
[Result "1-0"]
[Round "06"]
[TimeControl "180+2"]
[Date "2023.05.31"]
[WhiteClock "0:01:20"]
[BlackClock "0:01:41"]

1. d4 Nf6 2. c4 b6 3. Nf3 Bb7 4. g3 g6 5. Bg2 Bg7 6. O-O O-O 7. Nc3 d5 8. Ne5 e6 9. Bg5 h6 10. Bxf6 Bxf6 11. cxd5 exd5 12. Qb3 c6 13. e4 Bxe5 14. dxe5 d4 15. Rad1 c5 16. Nd5 Nc6 17. f4 Na5 18. Qd3 f6 19. Nxf6+ Rxf6 20. exf6 Qxf6 21. e5 Qg7 22. Bxb7 Nxb7 23. Rde1 Re8 24. f5 gxf5 25. Qxf5 Nd8 26. e6 Re7 27. Rf4 h5 28. Qxh5 Qh7 29. Rg4+ Kh8 30. Qe5+ Rg7 31. e7 1-0


[Site "https://www.chess.com"]

[Event "Titled Tuesday Blitz May 30 Late 2023"]
[White "Thorfinnsson, Bragi"]
[Black "Lalanne, Pablo"]
[WhiteFideId "2300958"]
[BlackFideId "112151"]
[WhiteElo "2322"]
[BlackElo "2120"]
[Result "1-0"]
[Round "06"]
[TimeControl "180+2"]
[Date "2023.05.31"]
[WhiteClock "0:01:57"]
[BlackClock "0:00:37"]

1. e4 c5 2. Nf3 d6 3. Nc3 a6 4. a4 Nc6 5. g3 Nf6 6. d4 cxd4 7. Nxd4 e6 8. Nxc6 bxc6 9. Bg2 Rb8 10. O-O Be7 11. e5 Nd5 12. exd6 Bxd6 13. Ne4 Be7 14. c4 Nb4 15. Qxd8+ Kxd8 16. Bf4 Rb7 17. Nd6 Bxd6 18. Bxd6 Bd7 19. a5 Nc2 20. Rad1 Kc8 21. Bc5 Rd8 22. Bb6 Re8 23. Rd2 Nb4 24. Rfd1 f6 25. Bc5 Rd8 26. Be7 1-0


[Site "https://www.chess.com"]

[Event "Titled Tuesday Blitz May 30 Late 2023"]
[White "Golubev, Mikhail"]
[Black "Oglaza, Oskar"]
[WhiteFideId "14100983"]
[BlackFideId "1194402"]
[WhiteElo "2374"]
[BlackElo "2204"]
[Result "1-0"]
[Round "06"]
[TimeControl "180+2"]
[Date "2023.05.31"]
[WhiteClock "0:00:21"]
[BlackClock "0:00:04"]

1. e4 c5 2. Nf3 d6 3. d4 cxd4 4. Nxd4 Nf6 5. Nc3 a6 6. Bc4 Nbd7 7. O-O b5 8. Bb3 Nc5 9. Re1 Nxb3 10. axb3 Bb7 11. Bg5 e6 12. Nd5 exd5 13. exd5+ Kd7 14. c4 g6 15. Qf3 Bg7 16. Nc6 Bxc6 17. dxc6+ Kc7 18. cxb5 h6 19. b6+ Kxb6 20. Be3+ Kc7 21. Bd2 a5 22. Bxa5+ Rxa5 23. Rxa5 Qb8 24. Re7+ Kb6 25. Ra4 Rc8 26. Rb4+ Kc5 27. Rxb8 Rxb8 28. c7 Rc8 29. Qb7 Nd5 30. Qxc8 Nxe7 31. Qd7 1-0


[Site "https://www.chess.com"]

[Event "Titled Tuesday Blitz May 30 Late 2023"]
[White "Padalka, Artem"]
[Black "Mortazavi, Ali"]
[WhiteFideId "14118637"]
[BlackFideId "401323"]
[WhiteElo "2073"]
[BlackElo "2339"]
[Result "0-1"]
[Round "06"]
[TimeControl "180+2"]
[Date "2023.05.31"]
[WhiteClock "0:00:02"]
[BlackClock "0:00:08"]

1. Nf3 Nf6 2. c4 g6 3. g3 Bg7 4. Bg2 O-O 5. O-O d6 6. Nc3 e5 7. d3 Re8 8. Bg5 Nbd7 9. b4 h6 10. Bxf6 Nxf6 11. Nd2 h5 12. h4 Ng4 13. Nde4 Bd7 14. b5 Bh6 15. a4 f5 16. Ng5 Bxg5 17. hxg5 Qxg5 18. Bxb7 h4 19. Qc1 Qh5 20. Kg2 h3+ 21. Kh1 Rab8 22. Bf3 Be6 23. Nd5 Bxd5 24. cxd5 e4 25. dxe4 fxe4 26. Bxg4 Qxg4 27. Ra2 Re7 28. Qe3 Rf8 29. Qxa7 e3 30. f3 Qc4 31. Rb2 Qxd5 32. Qa5 Ref7 33. Qc3 Qe6 34. Qb3 Qe5 35. Kh2 Kh7 36. Kxh3 Rh8 37. Kg2 Kg7 38. Rh1 Rxh1 39. Kxh1 Qxg3 40. Qxe3 Kg8 41. Qe8+ Kg7 42. Qe4 Rf5 43. Qg4 Rh5+ 0-1


[Site "https://www.chess.com"]

[Event "Titled Tuesday Blitz May 30 Late 2023"]
[White "drdaro"]
[Black "Garakov, Mikhael"]
[BlackFideId "4169034"]
[WhiteElo "2347"]
[BlackElo "2347"]
[Result "0-1"]
[Round "06"]
[TimeControl "180+2"]
[Date "2023.05.31"]
[WhiteClock "0:00:01"]
[BlackClock "0:00:16"]

1. d4 c5 2. Nf3 cxd4 3. Nxd4 Nf6 4. b3 d5 5. Bb2 Nc6 6. e3 e5 7. Nxc6 bxc6 8. Bxe5 Ng4 9. Bb2 Bb4+ 10. Nd2 Qh4 11. g3 Qg5 12. h3 Nf6 13. Bg2 h5 14. Qe2 O-O 15. a3 Bd6 16. Nf3 Qh6 17. O-O a5 18. Nh4 g5 19. Nf3 Ba6 20. c4 a4 21. Nd4 Qg6 22. Rfd1 axb3 23. Nxc6 Bxc4 24. Qxc4 dxc4 25. Rxd6 Qc2 26. Bxf6 b2 27. Ne7+ Kh7 28. Rf1 b1=Q 29. Bxg5 f6 30. Bf4 Qb5 0-1


[Site "https://www.chess.com"]

[Event "Titled Tuesday Blitz May 30 Late 2023"]
[White "Nilsen, Tobias Lang"]
[Black "Bashkansky, Ethan"]
[WhiteFideId "1521624"]
[BlackFideId "2071533"]
[WhiteElo "2183"]
[BlackElo "2334"]
[Result "1/2-1/2"]
[Round "06"]
[TimeControl "180+2"]
[Date "2023.05.31"]
[WhiteClock "0:01:27"]
[BlackClock "0:00:40"]

1. e4 c6 2. Nc3 d5 3. Nf3 Bg4 4. h3 Bxf3 5. Qxf3 dxe4 6. Nxe4 Nd7 7. d4 Ngf6 8. Nxf6+ Nxf6 9. c3 e6 10. Bd3 Qd5 11. Qxd5 exd5 12. O-O Bd6 13. Re1+ Kd7 14. Bg5 Rae8 15. Rxe8 Nxe8 16. a4 f6 17. Bd2 g6 18. a5 a6 19. Kf1 Nc7 20. h4 Re8 21. g3 Ne6 22. Kg2 f5 23. h5 Rg8 24. hxg6 hxg6 25. Rh1 Nf8 26. Kf3 Ke6 27. g4 Kf6 28. Rh6 fxg4+ 29. Kxg4 Kg7 30. Rh1 Rh8 31. Rxh8 Kxh8 32. Bh6 Kh7 33. Bf4 Be7 34. Be5 Kg8 35. f4 Kf7 36. f5 gxf5+ 37. Bxf5 Ne6 38. Kh5 Bd8 39. Kg4 Bxa5 40. Bd6 Bd8 41. Be5 Be7 42. Bg3 Bf6 43. Bd6 Be7 44. Be5 Bf8 45. Bf4 a5 46. Bd2 b5 47. Kf3 a4 48. Ke2 Kf6 49. Bh3 Bd6 50. Kd1 Nf4 51. Bxf4 Bxf4 52. Bd7 Bd6 53. Bxc6 b4 54. Bxd5 bxc3 55. bxc3 Kf5 56. Kc2 Kf4 57. Ba2 Ke3 58. Bc4 Bc7 59. Bb5 Bb6 60. Bxa4 Bxd4 61. c4 Bc5 62. Kc3 Ke4 63. Bc6+ Ke5 64. Kb3 Kd6 65. Bd5 Bb6 66. Ka4 Bc5 67. Kb5 Bf2 68. Bg8 Bc5 69. Bh7 Bg1 70. Kb4 Bc5+ 71. Kc3 Bg1 72. Kd3 Bc5 73. Ke4 Bg1 74. Kf3 Ba7 75. Ke2 Bc5 76. Kd3 Bb6 77. Kc3 Bc5 78. Kb3 Bg1 79. Ka4 Bf2 80. Kb5 Bg1 81. Ka6 Bf2 82. Bg8 Bg1 83. Kb7 Bf2 84. Kc8 Bg1 85. Kb7 Bf2 86. Ka6 Bg1 87. Kb5 Bf2 88. Kb4 Bg1 89. Kc3 Bf2 90. Kd3 Bc5 91. Kc3 Ba7 92. Kb3 Bb6 93. Kb4 Bc5+ 94. Kb5 Bf2 95. Kb4 Bc5+ 96. Kc3 Bf2 97. Kd3 Bc5 98. Ke4 Ba7 99. Kf3 Bc5 100. Bd5 Ba7 101. Kg4 Bc5 102. Bf7 Bb6 103. Kf3 Kc5 104. Ke4 Ba5 105. Ke5 Bb4 106. Ke4 Ba5 107. Kd3 Bb6 108. Kc2 Ba7 109. Kb3 Bb8 110. Ka4 Ba7 111. Ka5 1/2-1/2


[Site "https://www.chess.com"]

[Event "Titled Tuesday Blitz May 30 Late 2023"]
[White "Seletsky, Grigory"]
[Black "Jarovinsky, Alexey"]
[WhiteFideId "14112191"]
[BlackFideId "14115131"]
[WhiteElo "2491"]
[BlackElo "2446"]
[Result "0-1"]
[Round "06"]
[TimeControl "180+2"]
[Date "2023.05.31"]
[WhiteClock "0:00:03"]
[BlackClock "0:00:05"]

1. e4 Nc6 2. Nc3 Nf6 3. Nf3 d5 4. exd5 Nxd5 5. Bb5 Bg4 6. O-O e6 7. Be2 Nf4 8. Ne1 Nxe2+ 9. Nxe2 Bd6 10. f3 Bf5 11. d3 Qh4 12. f4 O-O-O 13. Nf3 Qe7 14. Ng3 Bg4 15. h3 Bc5+ 16. Kh1 h5 17. Ne4 Bb6 18. c3 e5 19. Qc2 Qd7 20. fxe5 Bxf3 21. Rxf3 Nxe5 22. Rg3 h4 23. Rxg7 Nxd3 24. Bg5 Rde8 25. Nf6 Qf5 26. Ng4 Nf2+ 27. Nxf2 Qxc2 28. Ng4 Qxb2 29. Rf1 Qxc3 30. Rgxf7 Re1 31. Nh2 Rxf1+ 32. Rxf1 Qd3 33. a4 Qd5 34. Be7 Re8 35. Bxh4 a5 36. Nf3 Qd7 37. Bg3 Qxa4 38. Rc1 Qd7 39. Kh2 Kb8 40. Ne5 Qe7 41. Nc4 Qe6 42. Rc2 Qc6 43. Na3 Qe4 44. Rb2 Qd3 45. Nb5 Rg8 0-1


[Site "https://www.chess.com"]

[Event "Titled Tuesday Blitz May 30 Late 2023"]
[White "Kovalevsky, Stanislav"]
[Black "Makridis, Dimitrios"]
[WhiteFideId "13508598"]
[BlackFideId "25864475"]
[WhiteElo "2174"]
[BlackElo "2277"]
[Result "1-0"]
[Round "06"]
[TimeControl "180+2"]
[Date "2023.05.31"]
[WhiteClock "0:00:06"]
[BlackClock "0:00:03"]

1. c4 e6 2. e4 d5 3. exd5 exd5 4. cxd5 Nf6 5. Nc3 Nxd5 6. Bc4 Nb6 7. Bb3 Nc6 8. Nge2 Be7 9. d4 O-O 10. O-O Bf5 11. Be3 Nb4 12. Ng3 Bg6 13. Re1 Bf6 14. Nce4 Re8 15. Nxf6+ Qxf6 16. Qg4 N4d5 17. Rac1 c6 18. Bg5 Qd6 19. h4 h6 20. Bxh6 gxh6 21. h5 Kh7 22. hxg6+ fxg6 23. Bc2 Rf8 24. Re6 Qxe6 25. Qxe6 Rf6 26. Qg4 Raf8 27. Ne4 Rf4 28. Qg3 R4f7 29. Nc5 Rf6 30. Nxb7 Nd7 31. Be4 Nf4 32. Kh1 Ne2 33. Qc7 Nxc1 34. Qxd7+ R8f7 35. Qc8 Rxf2 36. Nd8 Rf1+ 37. Kh2 Rf8 38. Qd7+ Kg8 39. Bxg6 Rh1+ 40. Kxh1 1-0


[Site "https://www.chess.com"]

[Event "Titled Tuesday Blitz May 30 Late 2023"]
[White "laziestwin"]
[Black "Arencibia Monduy, Antonio"]
[BlackFideId "3507939"]
[WhiteElo "2642"]
[BlackElo "2458"]
[Result "1-0"]
[Round "06"]
[TimeControl "180+2"]
[Date "2023.05.31"]
[WhiteClock "0:00:09"]
[BlackClock "0:00:01"]

1. b3 Nf6 2. Bb2 d5 3. Nf3 e6 4. e3 Bd6 5. c4 O-O 6. Nc3 c6 7. Qc2 Nbd7 8. Be2 a6 9. O-O e5 10. cxd5 cxd5 11. d3 b5 12. Rfd1 Bb7 13. Rac1 Rc8 14. Qb1 Nb6 15. Bf1 Re8 16. d4 e4 17. Ne5 Nbd7 18. Nxd7 Qxd7 19. Ne2 Ng4 20. h3 Nf6 21. Rxc8 Bxc8 22. Qc1 Bb8 23. Ba3 Bb7 24. Qd2 h5 25. Rc1 g5 26. Qa5 Kg7 27. Ng3 h4 28. Ne2 g4 29. hxg4 Nxg4 30. Nf4 Bxf4 31. exf4 e3 32. f3 e2 33. fxg4 exf1=Q+ 34. Rxf1 Qxg4 35. Bd6 Re2 36. Rf2 Rxf2 37. Kxf2 Qg3+ 38. Kf1 h3 39. Be5+ Kh7 40. gxh3 Qxh3+ 41. Kf2 Bc8 42. Qd8 Qh2+ 43. Ke3 Qg3+ 44. Kd2 Qf2+ 45. Kc3 Qe1+ 46. Kb2 Qd2+ 47. Ka3 Qc1+ 48. Kb4 Qd2+ 49. Kc5 Qc3+ 50. Kd6 Be6 51. Qh4+ Kg6 52. Qg5+ Kh7 53. Qg7# 1-0


[Site "https://www.chess.com"]

[Event "Titled Tuesday Blitz May 30 Late 2023"]
[White "KorolDimitriy75"]
[Black "Isajevsky, Anton"]
[BlackFideId "4142500"]
[WhiteElo "2431"]
[BlackElo "2510"]
[Result "1-0"]
[Round "06"]
[TimeControl "180+2"]
[Date "2023.05.31"]
[WhiteClock "0:00:14"]
[BlackClock "0:00:18"]

1. d4 e6 2. c4 Bb4+ 3. Nc3 d5 4. cxd5 exd5 5. Qc2 c6 6. Bf4 Ne7 7. e3 Bd6 8. Bxd6 Qxd6 9. Bd3 g6 10. Nge2 Bf5 11. O-O O-O 12. f3 Bxd3 13. Qxd3 Nd7 14. Rad1 Rad8 15. e4 dxe4 16. fxe4 c5 17. d5 a6 18. Qh3 b5 19. Rd3 b4 20. Nd1 Ne5 21. Rg3 f5 22. exf5 Nxd5 23. Ne3 Rde8 24. Nxd5 Qxd5 25. Nf4 Qd4+ 26. Kh1 Rxf5 27. Qxf5 1-0


[Site "https://www.chess.com"]

[Event "Titled Tuesday Blitz May 30 Late 2023"]
[White "Srdanovic, Jovana"]
[Black "Kleiman, Jake"]
[WhiteFideId "954810"]
[BlackFideId "2020041"]
[WhiteElo "2169"]
[BlackElo "2587"]
[Result "0-1"]
[Round "06"]
[TimeControl "180+2"]
[Date "2023.05.31"]
[WhiteClock "0:02:36"]
[BlackClock "0:03:02"]

1. d4 Nf6 2. c4 e6 3. Nf3 Bb4+ 4. Bd2 Bxd2+ 5. Qxd2 O-O 6. Nc3 d5 7. e3 Qe7 8. Rc1 Rd8 9. cxd5 exd5 10. h3 Nc6 11. Bd3 Ne4 12. a3 Nxd2 0-1


[Site "https://www.chess.com"]

[Event "Titled Tuesday Blitz May 30 Late 2023"]
[White "Przybylski, Wojciech"]
[Black "Pinheiro, Iung Alicio de O."]
[WhiteFideId "1117599"]
[BlackFideId "2104350"]
[WhiteElo "2222"]
[BlackElo "2283"]
[Result "0-1"]
[Round "06"]
[TimeControl "180+2"]
[Date "2023.05.31"]
[WhiteClock "0:00:12"]
[BlackClock "0:00:11"]

1. e4 e5 2. Nf3 Nc6 3. d4 exd4 4. Nxd4 Bb4+ 5. c3 Bc5 6. Be3 Bb6 7. Qg4 g6 8. Bg5 f6 9. Be3 d5 10. Qh4 Nxd4 11. cxd4 dxe4 12. Nc3 Bf5 13. g4 g5 14. Qg3 Bg6 15. h4 gxh4 16. Rxh4 Ne7 17. O-O-O Qd7 18. Bh3 O-O-O 19. g5 f5 20. Rxe4 Kb8 21. Re5 Nc6 22. Rd5 Qf7 23. Bg2 Nb4 24. Rxd8+ Rxd8 25. d5 f4 26. Qxf4 Qxf4 27. Bxf4 Nd3+ 28. Rxd3 Bxd3 29. Bg3 Bg6 30. Kd2 Rf8 31. f4 Re8 32. Nd1 Ba5+ 33. Nc3 Bf5 34. Bf2 Bb6 35. Bxb6 axb6 36. Bf3 h6 37. gxh6 Rh8 38. Ke3 Rxh6 39. Kd4 Rh2 40. Ke5 Bd7 41. Be2 Rf2 42. a3 Kc8 43. Ke4 Kd8 44. Ke3 Rh2 45. Ne4 Ke7 46. Ng5 Bf5 47. b4 Kd6 48. Bf3 Ra2 49. Nf7+ Ke7 50. Nh6 Rxa3+ 51. Kf2 Kf6 52. d6 cxd6 53. Bxb7 Rb3 54. Bd5 Rxb4 55. Ke3 b5 56. Bc6 Kg6 57. Ng8 Kf7 58. Nh6+ Ke6 59. Bb7 Rb3+ 60. Kd4 Kf6 61. Kd5 Rd3+ 62. Kc6 b4 63. Nxf5 Kxf5 64. Bc8+ Kxf4 65. Be6 b3 66. Kb5 b2 67. Ba2 Ra3 68. Bb1 Ra1 69. Kb4 Rxb1 70. Kb3 Rd1 71. Kxb2 Ke3 72. Kc3 Ke2 73. Kc2 d5 74. Kc3 d4+ 75. Kb4 d3 76. Kb3 d2 77. Kb2 Rc1 78. Kb3 d1=Q+ 79. Kb4 Qd2+ 80. Ka3 Qc3+ 0-1


[Site "https://www.chess.com"]

[Event "Titled Tuesday Blitz May 30 Late 2023"]
[White "Shuvalov, Evgenij"]
[Black "Abduzhaparov"]
[WhiteFideId "4187237"]
[WhiteElo "2080"]
[BlackElo "2418"]
[Result "1-0"]
[Round "06"]
[TimeControl "180+2"]
[Date "2023.05.31"]
[WhiteClock "0:00:19"]
[BlackClock "0:00:02"]

1. d4 d6 2. Nf3 Nf6 3. c4 Nbd7 4. Nc3 e5 5. e4 Be7 6. g3 O-O 7. Bg2 exd4 8. Nxd4 Re8 9. O-O Bf8 10. h3 Nc5 11. Re1 a5 12. Nb3 Ne6 13. Be3 c6 14. Na4 Nd7 15. Qd2 b5 16. cxb5 cxb5 17. Nc3 b4 18. Nd5 Bb7 19. Rac1 Nec5 20. Nxc5 Nxc5 21. Bxc5 dxc5 22. e5 Rb8 23. f4 Kh8 24. b3 Re7 25. Rcd1 Rd7 26. Qd3 Bxd5 27. Bxd5 Qb6 28. Qc4 Rbd8 29. Rd3 Qg6 30. Red1 h5 31. h4 Qf5 32. Kh2 Qg4 33. Bf3 Qf5 34. Rxd7 Rxd7 35. Rxd7 Qxd7 36. Bxh5 g6 37. Bf3 Kg7 38. Bg2 Qd2 39. e6 fxe6 40. Qxe6 Qd6 41. Qxd6 Bxd6 42. Bd5 Kf6 43. Kg2 Bc7 44. Kf3 Bd8 45. Bc4 Kg7 46. Ke4 Bf6 47. Kf3 Be7 48. Kg4 Bf6 49. h5 Bc3 50. Bd3 gxh5+ 51. Kxh5 Bd2 52. Kg5 Be3 53. g4 Bd2 54. Kf5 Bc1 55. Bc4 Bd2 56. g5 Bc1 57. Kg4 Bd2 58. f5 a4 59. bxa4 b3 60. axb3 Bc3 61. f6+ Kh8 62. Kf5 Kh7 63. g6+ Kh8 64. g7+ 1-0


[Site "https://www.chess.com"]

[Event "Titled Tuesday Blitz May 30 Late 2023"]
[White "i_like_explosions"]
[Black "Martic, Ivan"]
[BlackFideId "929301"]
[WhiteElo "2427"]
[BlackElo "2360"]
[Result "0-1"]
[Round "06"]
[TimeControl "180+2"]
[Date "2023.05.31"]
[WhiteClock "0:00:19"]
[BlackClock "0:00:47"]

1. d4 Nf6 2. Bg5 g6 3. Bxf6 exf6 4. g3 Bg7 5. Bg2 O-O 6. e3 f5 7. Ne2 d6 8. O-O Nd7 9. c4 Nf6 10. Nbc3 Re8 11. b4 h5 12. h4 Ng4 13. Nf4 Bh6 14. b5 g5 15. hxg5 Bxg5 16. Nce2 h4 17. Qd3 hxg3 18. Nxg3 Qf6 19. Bh3 Bxf4 20. exf4 Qh4 21. Kg2 Bd7 22. Rh1 Qf6 23. Bxg4 fxg4 24. Qh7+ Kf8 25. Rae1 Qg7 26. Qh8+ Qxh8 27. Rxh8+ Kg7 28. Rhxe8 Bxe8 29. Nf5+ Kf6 30. Ne3 Bd7 31. Kg3 a6 32. Nd5+ Kg7 33. Nxc7 Rh8 34. Re7 Rh3+ 35. Kg2 Bf5 36. b6 Kf8 37. Re8+ Kg7 38. c5 dxc5 39. dxc5 Bd7 40. Re7 Bc6+ 41. Kf1 Bf3 42. Ke1 Rh1+ 43. Kd2 Rf1 44. Ne6+ Kf6 45. Rxf7+ Kxf7 46. Ng5+ Ke7 47. Nxf3 gxf3 48. Ke3 Rc1 49. Kxf3 Rxc5 50. Ke4 Kf6 51. f3 Rb5 0-1


[Site "https://www.chess.com"]

[Event "Titled Tuesday Blitz May 30 Late 2023"]
[White "Poltorak, Sebastian"]
[Black "Gutkin, Ilya"]
[WhiteFideId "1199498"]
[BlackFideId "16203470"]
[WhiteElo "2195"]
[BlackElo "2265"]
[Result "1/2-1/2"]
[Round "06"]
[TimeControl "180+2"]
[Date "2023.05.31"]
[WhiteClock "0:00:08"]
[BlackClock "0:00:03"]

1. b3 e5 2. Bb2 Nc6 3. e3 Nf6 4. Bb5 Bd6 5. Na3 a6 6. Bxc6 dxc6 7. Nc4 Qe7 8. Nxd6+ cxd6 9. Ne2 O-O 10. O-O Bg4 11. Qe1 Bxe2 12. Qxe2 Nd5 13. a3 f6 14. Rae1 a5 15. Qh5 a4 16. b4 Nb6 17. d3 Qf7 18. Qe2 d5 19. f4 exf4 20. Rxf4 Rae8 21. Qf2 Qd7 22. e4 dxe4 23. Qxb6 exd3 24. Rxe8 Rxe8 25. cxd3 Qxd3 26. Rf1 Re2 27. Bd4 Qe4 28. Qd8+ Kf7 29. Qd7+ Kg6 30. Bf2 b5 31. h3 h5 32. Rc1 Rxf2 33. Kxf2 Qf4+ 34. Ke2 Qxc1 35. Qe8+ Kg5 36. Qd7 Kh6 37. Qc8 Kh7 38. Qf5+ Kh6 39. Qc8 Qxa3 40. h4 Qb2+ 41. Kf1 Qc1+ 42. Kf2 Qf4+ 43. Kg1 Qxh4 44. Qh8+ Kg6 45. Qe8+ Kh7 46. Qxc6 Qxb4 47. Qc2+ Kh6 48. Qc1+ g5 49. Qc8 Qd4+ 50. Kh1 Qd1+ 51. Kh2 Qd6+ 52. Kg1 a3 53. Qh8+ Kg6 54. Qg8+ Kf5 55. Qh7+ Ke5 56. Qc2 b4 57. Qe2+ Kd5 58. Qd3+ Kc6 59. Qa6+ Kd5 60. Qd3+ Ke5 61. Qe3+ Kf5 62. Qf2+ Kg6 63. Qc2+ Kh6 64. Qc8 a2 65. Qh8+ Kg6 66. Qg8+ Kf5 67. Qxa2 Qd4+ 68. Kh2 Qf4+ 69. Kg1 h4 70. Qd5+ Kg6 71. Qg8+ Kf5 72. Qd5+ Kg4 73. Qd7+ f5 74. Qd1+ Kg3 75. Qd3+ Kg4 76. Qd1+ Kg3 77. Qe1+ Kg4 78. Qe2+ Kg3 79. Qe1+ Kg4 80. Qd1+ 1/2-1/2


[Site "https://www.chess.com"]

[Event "Titled Tuesday Blitz May 30 Late 2023"]
[White "Petukhov, Dmitry"]
[Black "Gatterer, Florian"]
[WhiteFideId "4142748"]
[BlackFideId "811688"]
[WhiteElo "2311"]
[BlackElo "2221"]
[Result "0-1"]
[Round "06"]
[TimeControl "180+2"]
[Date "2023.05.31"]
[WhiteClock "0:00:40"]
[BlackClock "0:00:28"]

1. e4 e5 2. Nf3 Nc6 3. Bb5 Nf6 4. O-O Nxe4 5. d4 Nd6 6. Bxc6 dxc6 7. dxe5 Nf5 8. Qxd8+ Kxd8 9. Nc3 Ke8 10. Ne2 Be7 11. Nf4 h6 12. Nh5 Kf8 13. h3 Nh4 14. Nxh4 Bxh4 15. f4 g6 16. Nf6 Bf5 17. c3 Ke7 18. g4 Bd3 19. Rd1 Rad8 20. Be3 b6 21. Bd4 c5 22. Rxd3 cxd4 23. Ne4 dxc3 24. Rxc3 c5 25. Kg2 Rd4 26. Kf3 Rhd8 27. f5 gxf5 28. gxf5 Bg5 29. Rg1 Rd3+ 30. Kg4 R3d4 31. Kf3 Rd3+ 32. Ke2 R3d4 33. Nxg5 Rd2+ 34. Kf3 hxg5 35. Rxg5 Rxb2 36. Rg7 Kf8 37. Rh7 Kg8 38. Rh4 Rdd2 39. Ke4 Rd4+ 0-1


[Site "https://www.chess.com"]

[Event "Titled Tuesday Blitz May 30 Late 2023"]
[White "Kirillov, Dmitry"]
[Black "Shapiro, Daniel"]
[WhiteFideId "34180572"]
[BlackFideId "2001780"]
[WhiteElo "2161"]
[BlackElo "2358"]
[Result "1-0"]
[Round "06"]
[TimeControl "180+2"]
[Date "2023.05.31"]
[WhiteClock "0:00:54"]
[BlackClock "0:00:01"]

1. e4 c5 2. Nc3 a6 3. a4 b6 4. f4 Bb7 5. Nf3 e6 6. d3 Ne7 7. g3 g6 8. Bg2 Bg7 9. O-O d5 10. e5 O-O 11. Ne2 d4 12. Ng5 Bxg2 13. Kxg2 Qd5+ 14. Ne4 Nbc6 15. Ng1 Rad8 16. Nf3 Kh8 17. Qe2 Nf5 18. Bd2 f6 19. exf6 Bxf6 20. Nxf6 Rxf6 21. Rae1 Ne3+ 22. Bxe3 dxe3 23. Qxe3 Nd4 24. Rf2 Kg7 25. c3 Nxf3 26. Rxf3 Rd6 27. Qe4 Kf7 28. Rf2 Rf5 29. Re3 Kg7 30. Kf1 Rf7 31. Qe5+ Kg8 32. Qxd5 exd5 33. Re5 b5 34. axb5 axb5 35. b3 Ra7 36. g4 Ra3 37. Rb2 Ra1+ 38. Kf2 Rd1 39. Ke2 Rh1 40. Kf3 d4 41. c4 b4 42. Ra2 Rd7 43. Rxc5 Re7 44. Re5 1-0


[Site "https://www.chess.com"]

[Event "Titled Tuesday Blitz May 30 Late 2023"]
[White "Dragomirescu, Robin-Alexandru"]
[Black "Botez, Alexandra"]
[WhiteFideId "1213849"]
[BlackFideId "2603365"]
[WhiteElo "2356"]
[BlackElo "2040"]
[Result "1-0"]
[Round "06"]
[TimeControl "180+2"]
[Date "2023.05.31"]
[WhiteClock "0:00:10"]
[BlackClock "0:00:50"]

1. b3 e5 2. Bb2 d6 3. e3 f5 4. d4 exd4 5. Qxd4 Nf6 6. Nc3 Nc6 7. Qd2 Be7 8. O-O-O Be6 9. Nge2 Qd7 10. Nf4 O-O-O 11. Nxe6 Qxe6 12. Bc4 Qd7 13. Nd5 Rhf8 14. f3 Nxd5 15. Bxd5 Bf6 16. Bxf6 Rxf6 17. Qc3 Ne7 18. f4 Nxd5 19. Rxd5 Qc6 20. Qd3 g6 21. Rf1 Re8 22. Rf3 Rfe6 23. Rd4 Qb6 24. Kb2 Re4 25. c3 Qc6 26. a4 Qd7 27. Qd2 R8e6 28. Rxe4 Rxe4 29. h3 Qe7 30. g4 Qe6 31. g5 b6 32. h4 Qf7 33. Qd3 Re7 34. a5 Qd5 35. Qxd5 1-0


[Site "https://www.chess.com"]

[Event "Titled Tuesday Blitz May 30 Late 2023"]
[White "zsizsi99"]
[Black "Vovk, Orest"]
[BlackFideId "14113490"]
[WhiteElo "2376"]
[BlackElo "2215"]
[Result "1-0"]
[Round "06"]
[TimeControl "180+2"]
[Date "2023.05.31"]
[WhiteClock "0:00:29"]
[BlackClock "0:00:01"]

1. e4 g5 2. d4 g4 3. Qxg4 d5 4. Qe2 dxe4 5. Qxe4 Nf6 6. Qd3 Nc6 7. c3 Qd5 8. Nf3 Bg4 9. Be2 O-O-O 10. h3 Qh5 11. Nh2 Bxe2 12. Qxe2 Qg6 13. Ng4 Nxg4 14. Qxg4+ f5 15. Qxg6 hxg6 16. Bf4 Bg7 17. Nd2 e5 18. dxe5 Bxe5 19. Bg5 Rd5 20. O-O-O Rh5 21. Nf3 Rxd1+ 22. Kxd1 Bd6 23. Re1 Kd7 24. h4 Rh8 25. Kc2 b5 26. Nd2 Ne5 27. b3 Nf7 28. Bf6 Ra8 29. Rh1 Ke6 30. Bd4 c5 31. Re1+ Kd7 32. Bf6 a5 33. Nf3 a4 34. Kb2 axb3 35. axb3 c4 36. bxc4 bxc4 37. Nd2 Ba3+ 38. Kc2 Bc5 39. Re2 Nd6 40. Be7 Kc6 41. Bxd6 Bxd6 42. Nxc4 Bc5 43. Ne5+ Kb5 44. Nxg6 Ra2+ 45. Kd3 Ra1 46. Ne5 Rd1+ 47. Kc2 Rh1 48. g3 Rg1 49. Nd3 Kc4 50. Nxc5 Kxc5 51. Re5+ Kc4 52. Rxf5 Re1 53. Rf4+ Kd5 54. h5 Rh1 55. Rh4 Rf1 56. f4 Rf2+ 57. Kb3 Rg2 58. Rh3 Rg1 59. h6 Rb1+ 60. Kc2 Rb8 61. h7 Rh8 62. g4 Ke6 63. g5 Kf7 64. f5 Kg7 65. g6 Kf6 66. Rg3 Kg7 67. f6+ Kxf6 68. g7 Rxh7 69. g8=Q 1-0


[Site "https://www.chess.com"]

[Event "Titled Tuesday Blitz May 30 Late 2023"]
[White "Atanasov, Radislav"]
[Black "Estrada Nieto, Julian"]
[WhiteFideId "2901471"]
[BlackFideId "5101018"]
[WhiteElo "2077"]
[BlackElo "2161"]
[Result "0-1"]
[Round "06"]
[TimeControl "180+2"]
[Date "2023.05.31"]
[WhiteClock "0:00:05"]
[BlackClock "0:00:27"]

1. e4 e5 2. Nf3 Nc6 3. Bb5 a6 4. Ba4 Nf6 5. O-O Be7 6. Re1 b5 7. Bb3 d6 8. c3 O-O 9. h3 Bb7 10. d4 Re8 11. Bc2 h6 12. a4 Bf8 13. Nbd2 exd4 14. cxd4 Nb4 15. Bb1 c5 16. d5 c4 17. Nh2 g6 18. Ng4 Nxg4 19. Qxg4 Bg7 20. Nf3 Qe7 21. Ra3 Bxd5 22. Rae3 Be6 23. Qg3 Nc6 24. Nh4 Qg5 25. Qxd6 Qxh4 26. Qxc6 bxa4 27. e5 Qd4 28. Re4 Qd5 29. Qxa4 Bf5 30. Qxc4 Qxc4 31. Rxc4 Bxb1 32. Bf4 Bf5 33. g4 Be6 34. Rc6 Rec8 35. Rec1 Rxc6 36. Rxc6 a5 37. Bd2 a4 38. f4 Bd5 39. Rd6 Bb3 40. Kf2 Bf8 41. Rb6 Bc5+ 0-1


[Site "https://www.chess.com"]

[Event "Titled Tuesday Blitz May 30 Late 2023"]
[White "Kaplan, Avi Harrison"]
[Black "Sailer, Mike"]
[WhiteFideId "30934559"]
[BlackFideId "2012901"]
[WhiteElo "1983"]
[BlackElo "2109"]
[Result "1-0"]
[Round "06"]
[TimeControl "180+2"]
[Date "2023.05.31"]
[WhiteClock "0:00:43"]
[BlackClock "0:00:03"]

1. b3 Nf6 2. Bb2 d5 3. e3 Bf5 4. f4 e6 5. Nf3 Be7 6. d3 c5 7. Nbd2 Nc6 8. g3 O-O 9. Bg2 Ng4 10. Qe2 Nb4 11. Nf1 Bf6 12. Ne5 Bxe5 13. fxe5 Qc7 14. e4 dxe4 15. dxe4 Bg6 16. a3 Nxc2+ 17. Qxc2 Nxe5 18. Qc3 f6 19. Ne3 Rad8 20. O-O Rd3 21. Qe1 Rxb3 22. Bxe5 fxe5 23. Rxf8+ Kxf8 24. Nc4 Kg8 25. Rd1 b5 26. Qa5 Qxa5 27. Nxa5 Rxa3 28. Nc6 c4 29. Nxe5 c3 30. Rd8+ Be8 31. Rxe8# 1-0


[Site "https://www.chess.com"]